[ AOE2 MATCH · #507034565 ]
UnrankedPersians vs Aztecs
Player's team · WIN
Rival team · LOSS
[ REPLAY ANALYSIS · EXTRACTED FROM THE RECORDED GAME ]
Feudal
11:35
Castle
23:55
Imperial
—
| APM avg | 82.0 |
| APM peak | 134 |
| eAPM avg | 37.6 |
| Villagers / military | 92 / 102 |
Focus
⚔️ 64.7% · 🌾 35.3%
Archer ×52 · Scout Cavalry ×29 · Mangonel ×8 · Knight ×6 · Militia ×5 · Skirmisher ×2
Feudal
10:05
Castle
20:58
Imperial
—
| APM avg | 131.7 |
| APM peak | 173 |
| eAPM avg | 77.8 |
| Villagers / military | 80 / 101 |
Focus
⚔️ 76.2% · 🌾 23.8%
Skirmisher ×60 · Archer ×19 · Mangonel ×12 · Spearman ×5 · Monk ×4 · Militia ×1
Match map
Initial resources + every placement click. Lines = walls · curves = elevation contours. ◆ gold · ⬟ stone · ● berries · ✦ relic · ◌ wall gap
Your base· Open — unwalled flank
Dr evil's base· Open — unwalled flank
Smoothed initial terrain · ◌ = detected wall gap · hover for details
Inputs per minute
— Learning - - Dr evil
Build order — Learning
First 150 of 285 actions detected
| 0:00 | Queue | Villager (Male) ×5 |
| 0:02 | Build | House |
| 0:03 | Build | House |
| 1:28 | Queue | Villager (Male) |
| 1:47 | Queue | Villager (Male) |
| 1:51 | Build | Lumber Camp |
| 2:26 | Queue | Villager (Male) |
| 2:49 | Queue | Villager (Male) |
| 2:50 | Queue | Villager (Male) |
| 2:56 | Queue | Villager (Male) |
| 3:15 | Build | House |
| 3:16 | Build | House |
| 3:20 | Queue | Villager (Male) |
| 4:05 | Queue | Villager (Male) |
| 4:19 | Queue | Villager (Male) |
| 4:28 | Build | Barracks |
| 4:29 | Build | Palisade Wall |
| 4:58 | Queue | Villager (Male) |
| 5:03 | Queue | Villager (Male) |
| 5:19 | Build | House |
| 5:20 | Queue | Militia |
| 5:20 | Queue | Militia |
| 5:20 | Queue | Militia |
| 5:33 | Build | Palisade Wall |
| 5:33 | Build | Palisade Wall |
| 5:44 | Queue | Militia |
| 5:46 | Queue | Villager (Male) |
| 6:01 | Queue | Villager (Male) |
| 6:22 | Queue | Villager (Male) |
| 6:28 | Build | Mill |
| 6:31 | Build | Mill |
| 6:44 | Queue | Villager (Male) |
| 7:03 | Build | Palisade Wall |
| 7:24 | Queue | Villager (Male) |
| 7:56 | Queue | Villager (Male) |
| 8:12 | Build | Mining Camp |
| 8:14 | Build | Mining Camp |
| 8:17 | Queue | Villager (Male) |
| 8:26 | Build | Palisade Wall |
| 8:39 | Queue | Villager (Male) |
| 8:47 | Build | Palisade Wall |
| 8:49 | Research | Loom |
| 9:06 | Build | Palisade Wall |
| 9:10 | Research | Feudal Age |
| 9:57 | Build | Palisade Wall |
| 10:09 | Build | House |
| 10:14 | Build | House |
| 10:15 | Build | Palisade Wall |
| 10:16 | Build | Palisade Wall |
| 10:24 | Build | House |
| 10:48 | Queue | Villager (Male) |
| 11:11 | Queue | Villager (Male) |
| 11:35 | Age | Feudal Age |
| 11:41 | Research | Double-Bit Axe |
| 11:42 | Research | Horse Collar |
| 11:47 | Build | Archery Range |
| 11:50 | Build | Archery Range |
| 12:05 | Build | Palisade Wall |
| 12:06 | Build | Palisade Wall |
| 12:24 | Queue | Villager (Male) |
| 12:37 | Queue | Archer |
| 12:42 | Queue | Archer ×4 |
| 12:42 | Queue | Archer ×4 |
| 12:44 | Queue | Villager (Male) |
| 12:58 | Build | House |
| 13:07 | Build | Blacksmith |
| 13:12 | Queue | Villager (Male) |
| 13:12 | Queue | Villager (Male) |
| 13:12 | Queue | Villager (Male) |
| 13:19 | Queue | Archer |
| 13:29 | Queue | Archer |
| 13:30 | Queue | Villager (Male) |
| 13:39 | Queue | Villager (Male) |
| 13:49 | Queue | Archer |
| 13:57 | Research | Fletching |
| 13:57 | Research | Fletching |
| 14:03 | Build | Lumber Camp |
| 14:04 | Build | Farm |
| 14:04 | Build | Farm |
| 14:05 | Build | Farm |
| 14:05 | Build | Farm |
| 14:05 | Build | Farm |
| 14:05 | Build | Farm |
| 14:43 | Queue | Villager (Male) |
| 14:43 | Queue | Villager (Male) |
| 14:44 | Queue | Villager (Male) |
| 14:47 | Queue | Villager (Male) |
| 14:49 | Build | Farm |
| 14:50 | Build | Farm |
| 14:50 | Build | Farm |
| 14:50 | Build | Farm |
| 14:50 | Build | Farm |
| 15:02 | Build | House |
| 15:03 | Build | House |
| 15:23 | Queue | Villager (Male) |
| 15:24 | Queue | Archer |
| 15:24 | Queue | Archer |
| 15:25 | Queue | Archer |
| 15:25 | Queue | Archer |
| 15:39 | Queue | Militia |
| 15:40 | Queue | Villager (Male) |
| 15:52 | Build | Farm |
| 15:53 | Build | Farm |
| 15:53 | Build | Farm |
| 15:53 | Build | Farm |
| 15:53 | Build | Farm |
| 15:57 | Queue | Skirmisher |
| 15:57 | Queue | Archer |
| 16:09 | Queue | Villager (Male) |
| 16:19 | Build | House |
| 16:23 | Queue | Villager (Male) |
| 16:27 | Queue | Villager (Male) |
| 16:28 | Queue | Archer |
| 16:32 | Queue | Skirmisher |
| 16:39 | Build | House |
| 16:40 | Build | House |
| 17:06 | Queue | Villager (Male) |
| 17:08 | Build | Farm |
| 17:08 | Build | Farm |
| 17:08 | Build | Farm |
| 17:09 | Build | Farm |
| 17:09 | Build | Farm |
| 17:09 | Build | Farm |
| 17:09 | Build | Farm |
| 17:10 | Queue | Villager (Male) |
| 17:25 | Queue | Archer |
| 17:25 | Queue | Archer |
| 17:26 | Queue | Villager (Male) |
| 17:30 | Queue | Villager (Male) |
| 17:59 | Build | Stable |
| 17:59 | Queue | Villager (Male) |
| 18:04 | Research | Wheelbarrow |
| 18:19 | Queue | Villager (Male) |
| 18:22 | Build | Farm |
| 18:23 | Build | Farm |
| 18:24 | Build | Farm |
| 18:24 | Build | Farm |
| 18:24 | Build | Farm |
| 18:24 | Build | Farm |
| 19:01 | Queue | Villager (Male) |
| 19:04 | Queue | Archer |
| 19:04 | Queue | Archer |
| 19:04 | Queue | Archer |
| 19:05 | Queue | Villager (Male) |
| 19:07 | Build | Farm |
| 19:08 | Build | Farm |
| 19:08 | Build | Farm |
| 19:08 | Build | Farm |
| 19:08 | Build | Farm |
| 19:13 | Queue | Scout Cavalry |
Build order — Dr evil
First 150 of 269 actions detected
| 0:00 | Queue | Villager (Male) |
| 0:00 | Queue | Villager (Male) |
| 0:02 | Build | House |
| 0:04 | Build | House |
| 0:21 | Queue | Villager (Male) |
| 0:31 | Queue | Villager (Male) |
| 0:31 | Queue | Villager (Male) |
| 1:32 | Queue | Villager (Male) |
| 1:32 | Queue | Villager (Male) |
| 1:59 | Queue | Villager (Male) |
| 1:59 | Queue | Villager (Male) |
| 2:01 | Build | Lumber Camp |
| 2:30 | Queue | Villager (Male) |
| 2:30 | Queue | Villager (Male) |
| 2:34 | Queue | Villager (Male) |
| 2:35 | Queue | Villager (Male) |
| 2:59 | Queue | Villager (Male) |
| 2:59 | Queue | Villager (Male) |
| 3:42 | Queue | Villager (Male) |
| 3:55 | Build | House |
| 4:05 | Queue | Villager (Male) |
| 4:20 | Build | Mill |
| 4:24 | Queue | Villager (Male) |
| 4:56 | Queue | Villager (Male) |
| 5:35 | Build | House |
| 5:38 | Build | Palisade Wall |
| 5:46 | Build | Palisade Wall |
| 5:48 | Build | Palisade Wall |
| 5:50 | Queue | Villager (Male) |
| 6:08 | Queue | Villager (Male) |
| 6:20 | Queue | Villager (Male) |
| 6:23 | Build | Palisade Wall |
| 6:24 | Build | Palisade Wall |
| 6:25 | Build | Palisade Wall |
| 6:26 | Build | Palisade Wall |
| 6:39 | Queue | Villager (Male) |
| 7:13 | Research | Loom |
| 7:38 | Build | Palisade Wall |
| 7:51 | Research | Feudal Age |
| 8:54 | Build | Mining Camp |
| 9:12 | Build | Barracks |
| 9:15 | Queue | Villager (Male) |
| 9:34 | Build | House |
| 10:05 | Age | Feudal Age |
| 10:06 | Queue | Villager (Male) |
| 10:07 | Queue | Villager (Male) |
| 10:09 | Build | Archery Range |
| 10:14 | Queue | Villager (Male) |
| 10:37 | Queue | Villager (Male) |
| 10:41 | Research | Double-Bit Axe |
| 10:43 | Build | Farm |
| 10:52 | Queue | Villager (Male) |
| 10:59 | Build | Farm |
| 11:01 | Queue | Archer |
| 11:22 | Queue | Villager (Male) |
| 11:24 | Build | Farm |
| 11:30 | Queue | Archer |
| 11:34 | Queue | Villager (Male) |
| 11:44 | Queue | Archer |
| 11:48 | Queue | Archer |
| 11:49 | Queue | Militia |
| 12:12 | Queue | Villager (Male) |
| 12:14 | Build | Farm |
| 12:15 | Build | Farm |
| 12:20 | Queue | Villager (Male) |
| 12:28 | Build | Farm |
| 12:34 | Build | House |
| 12:41 | Build | Farm |
| 12:57 | Build | Farm |
| 13:08 | Build | Palisade Wall |
| 13:12 | Build | Palisade Wall |
| 13:16 | Queue | Villager (Male) |
| 13:19 | Build | Palisade Wall |
| 13:24 | Queue | Archer |
| 13:42 | Build | House |
| 13:44 | Build | Blacksmith |
| 14:04 | Build | Farm |
| 14:11 | Queue | Villager (Male) |
| 14:13 | Build | Farm |
| 14:19 | Queue | Villager (Male) |
| 14:21 | Build | Farm |
| 14:24 | Queue | Villager (Male) |
| 14:33 | Queue | Skirmisher |
| 14:33 | Queue | Skirmisher |
| 14:36 | Research | Fletching |
| 14:36 | Research | Fletching |
| 14:47 | Build | Farm |
| 14:58 | Build | Farm |
| 15:00 | Queue | Skirmisher |
| 15:00 | Queue | Skirmisher |
| 15:01 | Queue | Villager (Male) |
| 15:03 | Queue | Villager (Male) |
| 15:11 | Queue | Skirmisher |
| 15:35 | Queue | Villager (Male) |
| 15:35 | Queue | Villager (Male) |
| 15:38 | Build | House |
| 15:47 | Queue | Villager (Male) |
| 16:02 | Queue | Skirmisher |
| 16:02 | Queue | Skirmisher |
| 16:06 | Build | House |
| 16:19 | Queue | Skirmisher |
| 16:20 | Queue | Skirmisher |
| 16:20 | Queue | Skirmisher |
| 16:27 | Queue | Skirmisher |
| 16:27 | Queue | Skirmisher |
| 16:32 | Queue | Villager (Male) |
| 16:48 | Build | Farm |
| 16:50 | Build | Farm |
| 17:01 | Queue | Archer |
| 17:13 | Build | Lumber Camp |
| 17:27 | Queue | Archer |
| 17:28 | Queue | Villager (Male) |
| 17:31 | Queue | Skirmisher |
| 17:44 | Queue | Villager (Male) |
| 18:06 | Queue | Villager (Male) |
| 18:10 | Queue | Villager (Male) |
| 18:13 | Build | Archery Range |
| 18:18 | Research | Castle Age |
| 18:26 | Queue | Villager (Male) |
| 18:42 | Research | Padded Archer Armor |
| 18:42 | Research | Padded Archer Armor |
| 19:01 | Queue | Archer |
| 19:05 | Research | Gold Mining |
| 19:11 | Queue | Villager (Male) |
| 19:14 | Build | House |
| 19:17 | Queue | Skirmisher |
| 19:18 | Queue | Skirmisher |
| 19:20 | Queue | Archer |
| 19:20 | Queue | Archer |
| 19:20 | Queue | Villager (Male) |
| 19:21 | Queue | Villager (Male) |
| 19:22 | Build | Farm |
| 19:23 | Research | Horse Collar |
| 19:23 | Research | Horse Collar |
| 19:28 | Queue | Villager (Male) |
| 19:33 | Queue | Archer |
| 19:33 | Queue | Archer |
| 19:33 | Queue | Archer |
| 19:56 | Queue | Archer |
| 20:43 | Queue | Villager (Male) |
| 20:51 | Queue | Skirmisher |
| 20:52 | Queue | Skirmisher |
| 20:52 | Queue | Skirmisher |
| 20:52 | Queue | Skirmisher |
| 20:58 | Age | Castle Age |
| 21:00 | Research | Bodkin Arrow |
| 21:00 | Research | Bodkin Arrow |
| 21:00 | Research | Leather Archer Armor |
| 21:01 | Research | Bodkin Arrow |
| 21:04 | Build | Farm |
Match timeline
| 4:28 | Learning · first_building Barracks |
| 4:29 | Learning · wall_segment Palisade Wall x1 |
| 5:33 | Learning · wall_segment Palisade Wall x1 |
| 5:33 | Learning · wall_segment Palisade Wall x1 |
| 5:38 | Dr evil · wall_segment Palisade Wall x4 |
| 5:46 | Dr evil · wall_segment Palisade Wall x6 |
| 5:48 | Dr evil · wall_segment Palisade Wall x5 |
| 6:23 | Dr evil · wall_segment Palisade Wall x1 |
| 6:24 | Dr evil · wall_segment Palisade Wall x1 |
| 6:25 | Dr evil · wall_segment Palisade Wall x2 |
| 6:26 | Dr evil · wall_segment Palisade Wall x5 |
| 7:03 | Learning · wall_segment Palisade Wall x7 |
| 7:38 | Dr evil · wall_segment Palisade Wall x1 |
| 8:26 | Learning · wall_segment Palisade Wall x5 |
| 8:47 | Learning · wall_segment Palisade Wall x12 |
| 9:06 | Learning · wall_segment Palisade Wall x23 |
| 9:12 | Dr evil · first_building Barracks |
| 9:57 | Learning · wall_segment Palisade Wall x5 |
| 10:05 | Dr evil · age_up feudal |
| 10:09 | Dr evil · first_building Archery Range |
| 10:15 | Learning · wall_segment Palisade Wall x1 |
| 10:16 | Learning · wall_segment Palisade Wall x2 |
| 11:35 | Learning · age_up feudal |
| 11:47 | Learning · first_building Archery Range |
| 12:05 | Learning · wall_segment Palisade Wall x1 |
| 12:06 | Learning · wall_segment Palisade Wall x1 |
| 13:08 | Dr evil · wall_segment Palisade Wall x1 |
| 13:12 | Dr evil · wall_segment Palisade Wall x1 |
| 13:19 | Dr evil · wall_segment Palisade Wall x1 |
| 17:59 | Learning · first_building Stable |
| 20:58 | Dr evil · age_up castle |
| 23:55 | Learning · age_up castle |
| 24:05 | Dr evil · first_building Monastery |
| 24:41 | Learning · first_building Siege Workshop |
| 26:17 | Dr evil · first_building Siege Workshop |
| 32:52 | Learning · wall_segment Palisade Wall x1 |
| 34:19 | Dr evil · resign |
[ AI ANALYSIS · 1 CREDIT ]
What really happened in this match?
Wolo.gg analyzes every decision: build order, eco, micro, common mistakes by bracket. Personalized analysis on WhatsApp or Discord in 30 seconds.
Civ guide
Persians
Perfil
Jugador #4521457